[ AOE2 MATCH · #508100160 ]
UnrankedTeutons vs Franks
Player's team · LOSS
Rival team · WIN
[ REPLAY ANALYSIS · EXTRACTED FROM THE RECORDED GAME ]
Feudal
12:25
Castle
31:20
Imperial
—
| APM avg | 45.9 |
| APM peak | 85 |
| eAPM avg | 25.8 |
| Villagers / military | 72 / 31 |
Focus
⚔️ 31.6% · 🌾 68.4%
Spearman ×14 · Archer ×11 · Militia ×5 · Mangonel ×1
Feudal
12:51
Castle
—
Imperial
—
| APM avg | 32.9 |
| APM peak | 61 |
| eAPM avg | 17.0 |
| Villagers / military | 72 / 32 |
Focus
⚔️ 31.2% · 🌾 68.8%
Scout Cavalry ×32
Match map
Initial resources + every placement click. Lines = walls · curves = elevation contours. ◆ gold · ⬟ stone · ● berries · ✦ relic · ◌ wall gap
Your base· Open — 1t gap
soymilk789's base· Open — unwalled flank
Smoothed initial terrain · ◌ = detected wall gap · hover for details
Inputs per minute
— NICEFORO - - soymilk789
Build order — NICEFORO
First 150 of 185 actions detected
| 0:01 | Queue | Villager (Male) |
| 0:01 | Queue | Villager (Male) |
| 0:03 | Build | House |
| 0:04 | Build | House |
| 0:19 | Queue | Villager (Male) |
| 0:28 | Queue | Villager (Male) |
| 0:28 | Queue | Villager (Male) |
| 1:25 | Queue | Villager (Male) |
| 1:25 | Queue | Villager (Male) |
| 1:25 | Queue | Villager (Male) |
| 1:48 | Build | Lumber Camp |
| 1:57 | Queue | Villager (Male) |
| 1:57 | Queue | Villager (Male) |
| 2:15 | Queue | Villager (Male) |
| 3:02 | Build | House |
| 3:03 | Build | House |
| 3:04 | Queue | Villager (Male) |
| 3:05 | Queue | Villager (Male) |
| 3:32 | Queue | Villager (Male) |
| 3:32 | Queue | Villager (Male) |
| 3:51 | Queue | Villager (Male) |
| 3:51 | Queue | Villager (Male) |
| 4:25 | Queue | Villager (Male) |
| 4:25 | Queue | Villager (Male) |
| 4:59 | Build | Mill |
| 5:06 | Queue | Villager (Male) |
| 5:07 | Queue | Villager (Male) |
| 5:07 | Queue | Villager (Male) |
| 5:36 | Build | Palisade Wall |
| 5:45 | Queue | Villager (Male) |
| 5:45 | Queue | Villager (Male) |
| 5:46 | Queue | Villager (Male) |
| 6:22 | Queue | Villager (Male) |
| 6:23 | Queue | Villager (Male) |
| 6:33 | Research | Loom |
| 6:36 | Queue | Villager (Male) |
| 6:36 | Queue | Villager (Male) |
| 6:52 | Queue | Villager (Male) |
| 6:52 | Queue | Villager (Male) |
| 7:16 | Queue | Villager (Male) |
| 7:17 | Queue | Villager (Male) |
| 7:17 | Queue | Villager (Male) |
| 7:48 | Queue | Villager (Male) |
| 7:50 | Queue | Villager (Male) |
| 8:47 | Build | Palisade Wall |
| 8:50 | Build | Palisade Wall |
| 8:52 | Build | Palisade Wall |
| 8:53 | Build | Palisade Wall |
| 8:59 | Build | Mining Camp |
| 9:06 | Queue | Villager (Male) |
| 10:15 | Research | Feudal Age |
| 10:15 | Research | Feudal Age |
| 10:33 | Build | Lumber Camp |
| 11:32 | Queue | Villager (Male) |
| 12:05 | Build | Barracks |
| 12:25 | Age | Feudal Age |
| 12:29 | Queue | Villager (Male) |
| 12:48 | Build | House |
| 12:58 | Queue | Villager (Male) |
| 13:10 | Build | House |
| 13:29 | Build | Archery Range |
| 13:33 | Build | Farm |
| 13:37 | Queue | Villager (Male) |
| 13:37 | Queue | Villager (Male) |
| 13:48 | Build | Palisade Wall |
| 13:50 | Queue | Villager (Male) |
| 13:54 | Queue | Villager (Male) |
| 13:54 | Queue | Villager (Male) |
| 14:07 | Queue | Archer |
| 14:08 | Queue | Archer |
| 14:14 | Build | Palisade Wall |
| 14:26 | Build | House |
| 14:27 | Build | Palisade Wall |
| 14:30 | Queue | Villager (Male) |
| 14:34 | Queue | Archer |
| 14:35 | Queue | Archer |
| 14:41 | Queue | Spearman |
| 15:03 | Build | House |
| 15:04 | Queue | Villager (Male) |
| 15:04 | Queue | Villager (Male) |
| 15:07 | Build | Palisade Wall |
| 15:23 | Build | Palisade Wall |
| 15:34 | Build | Farm |
| 15:36 | Build | Farm |
| 15:38 | Build | Farm |
| 15:51 | Queue | Spearman |
| 16:15 | Build | Farm |
| 16:15 | Build | Farm |
| 16:15 | Build | Farm |
| 16:15 | Build | Farm |
| 16:16 | Build | Farm |
| 16:16 | Build | Farm |
| 16:33 | Queue | Villager (Male) |
| 16:33 | Queue | Villager (Male) |
| 16:38 | Build | House |
| 16:39 | Build | House |
| 16:56 | Build | House |
| 17:21 | Queue | Spearman |
| 17:42 | Build | Palisade Wall |
| 17:44 | Queue | Archer |
| 17:44 | Queue | Archer |
| 17:44 | Queue | Archer |
| 17:47 | Build | Farm |
| 17:49 | Queue | Spearman |
| 17:50 | Queue | Spearman |
| 17:54 | Build | Farm |
| 18:10 | Queue | Spearman |
| 18:18 | Build | Farm |
| 18:42 | Queue | Archer |
| 18:43 | Queue | Archer |
| 18:45 | Queue | Spearman |
| 18:45 | Queue | Spearman |
| 19:02 | Queue | Spearman |
| 19:05 | Queue | Archer |
| 19:05 | Queue | Archer |
| 19:10 | Build | House |
| 19:11 | Build | House |
| 19:14 | Research | Double-Bit Axe |
| 19:59 | Build | Palisade Wall |
| 20:15 | Queue | Villager (Male) |
| 20:15 | Queue | Villager (Male) |
| 20:15 | Queue | Villager (Male) |
| 20:24 | Build | Farm |
| 20:47 | Build | Farm |
| 21:02 | Build | House |
| 21:03 | Build | House |
| 21:05 | Build | House |
| 21:11 | Queue | Villager (Male) |
| 21:18 | Research | Gold Mining |
| 21:33 | Queue | Villager (Male) |
| 21:33 | Queue | Villager (Male) |
| 21:38 | Build | Farm |
| 21:40 | Build | House |
| 21:47 | Build | House |
| 22:01 | Queue | Villager (Male) |
| 22:02 | Queue | Villager (Male) |
| 22:17 | Build | House |
| 22:22 | Build | Farm |
| 22:32 | Build | Farm |
| 22:48 | Build | Palisade Wall |
| 23:25 | Build | Blacksmith |
| 23:45 | Build | Watch Tower |
| 24:27 | Research | Fletching |
| 24:39 | Queue | Villager (Male) |
| 24:39 | Queue | Villager (Male) |
| 24:39 | Queue | Villager (Male) |
| 25:21 | Build | House |
| 25:25 | Build | House |
| 25:28 | Build | Palisade Wall |
| 25:32 | Queue | Villager (Male) |
Build order — soymilk789
First 150 of 222 actions detected
| 0:00 | Queue | Villager (Male) |
| 0:01 | Queue | Villager (Male) |
| 0:02 | Build | House |
| 0:23 | Queue | Villager (Male) |
| 0:33 | Queue | Villager (Male) |
| 0:40 | Build | House |
| 0:41 | Build | House |
| 1:36 | Queue | Villager (Male) |
| 2:19 | Queue | Villager (Male) |
| 2:48 | Queue | Villager (Male) |
| 2:55 | Build | Lumber Camp |
| 3:18 | Queue | Villager (Male) |
| 3:43 | Queue | Villager (Male) |
| 3:43 | Queue | Villager (Male) |
| 4:19 | Queue | Villager (Male) |
| 4:35 | Queue | Villager (Male) |
| 4:45 | Queue | Villager (Male) |
| 5:02 | Research | Loom |
| 5:02 | Queue | Villager (Male) |
| 5:25 | Queue | Villager (Male) |
| 6:52 | Build | Palisade Wall |
| 6:52 | Build | Palisade Wall |
| 6:53 | Build | Palisade Wall |
| 6:55 | Queue | Villager (Male) |
| 7:18 | Build | Palisade Wall |
| 7:19 | Build | Palisade Wall |
| 7:26 | Queue | Villager (Male) |
| 7:30 | Build | House |
| 7:51 | Queue | Villager (Male) |
| 8:03 | Build | Palisade Wall |
| 8:03 | Build | Palisade Wall |
| 8:04 | Build | Palisade Wall |
| 8:04 | Build | Palisade Wall |
| 8:05 | Build | Palisade Wall |
| 8:24 | Build | Palisade Wall |
| 8:36 | Build | Palisade Wall |
| 8:44 | Queue | Villager (Male) |
| 8:45 | Queue | Villager (Male) |
| 8:53 | Build | Palisade Wall |
| 9:03 | Build | Palisade Wall |
| 9:10 | Build | Palisade Wall |
| 9:16 | Build | Palisade Wall |
| 9:17 | Build | Palisade Wall |
| 9:21 | Queue | Villager (Male) |
| 9:30 | Queue | Villager (Male) |
| 10:01 | Queue | Villager (Male) |
| 10:09 | Build | Mill |
| 10:24 | Build | Palisade Wall |
| 10:24 | Build | Palisade Wall |
| 10:25 | Build | Palisade Wall |
| 10:41 | Research | Feudal Age |
| 10:58 | Build | Palisade Wall |
| 11:24 | Build | Mill |
| 11:37 | Build | Barracks |
| 12:06 | Build | Palisade Wall |
| 12:06 | Build | Palisade Wall |
| 12:07 | Build | Palisade Wall |
| 12:15 | Queue | Villager (Male) |
| 12:39 | Queue | Villager (Male) |
| 12:51 | Age | Feudal Age |
| 12:54 | Build | Stable |
| 13:04 | Queue | Villager (Male) |
| 13:18 | Queue | Villager (Male) |
| 13:21 | Build | Farm |
| 13:26 | Build | Farm |
| 13:27 | Build | Farm |
| 13:28 | Build | Farm |
| 13:31 | Build | House |
| 13:34 | Build | Farm |
| 13:39 | Build | Farm |
| 13:41 | Queue | Scout Cavalry |
| 13:47 | Build | House |
| 14:07 | Build | House |
| 14:08 | Build | House |
| 14:10 | Queue | Villager (Male) |
| 14:15 | Queue | Scout Cavalry |
| 14:34 | Queue | Villager (Male) |
| 14:51 | Build | Blacksmith |
| 14:53 | Queue | Villager (Male) |
| 15:17 | Queue | Scout Cavalry |
| 15:35 | Queue | Scout Cavalry |
| 15:40 | Build | Stable |
| 15:42 | Queue | Villager (Male) |
| 15:46 | Build | House |
| 16:12 | Queue | Scout Cavalry |
| 16:21 | Queue | Villager (Male) |
| 16:22 | Build | Farm |
| 16:46 | Research | Forging |
| 17:13 | Queue | Villager (Male) |
| 17:16 | Build | Farm |
| 17:17 | Build | Farm |
| 17:18 | Build | Farm |
| 17:19 | Queue | Villager (Male) |
| 17:33 | Queue | Scout Cavalry |
| 17:52 | Build | Mining Camp |
| 18:01 | Queue | Villager (Male) |
| 18:07 | Build | Farm |
| 18:19 | Queue | Scout Cavalry |
| 18:40 | Queue | Villager (Male) |
| 18:43 | Build | House |
| 18:44 | Build | House |
| 18:45 | Build | House |
| 18:50 | Queue | Scout Cavalry |
| 19:00 | Queue | Scout Cavalry |
| 19:02 | Queue | Scout Cavalry |
| 19:22 | Queue | Villager (Male) |
| 19:25 | Build | Farm |
| 19:26 | Build | Farm |
| 19:27 | Build | Farm |
| 20:03 | Queue | Scout Cavalry |
| 20:07 | Queue | Villager (Male) |
| 20:10 | Research | Stone Mining |
| 20:30 | Queue | Scout Cavalry |
| 20:44 | Queue | Villager (Male) |
| 20:47 | Build | Stable |
| 20:53 | Queue | Villager (Male) |
| 21:01 | Queue | Villager (Male) |
| 21:05 | Build | House |
| 21:06 | Build | House |
| 21:07 | Build | House |
| 21:11 | Queue | Villager (Male) |
| 21:22 | Queue | Scout Cavalry |
| 21:47 | Build | Watch Tower |
| 21:54 | Queue | Scout Cavalry |
| 21:59 | Queue | Villager (Male) |
| 22:29 | Build | Watch Tower |
| 22:33 | Queue | Villager (Male) |
| 22:35 | Build | Farm |
| 22:36 | Build | Farm |
| 22:37 | Build | Farm |
| 23:18 | Queue | Villager (Male) |
| 23:29 | Build | Watch Tower |
| 23:53 | Queue | Scout Cavalry |
| 24:04 | Queue | Scout Cavalry |
| 24:05 | Queue | Scout Cavalry |
| 24:06 | Queue | Scout Cavalry |
| 24:06 | Queue | Scout Cavalry |
| 24:25 | Queue | Villager (Male) |
| 24:25 | Queue | Villager (Male) |
| 24:25 | Queue | Villager (Male) |
| 25:05 | Queue | Scout Cavalry |
| 25:08 | Queue | Villager (Male) |
| 25:11 | Build | House |
| 25:15 | Build | Farm |
| 25:16 | Build | Farm |
| 25:16 | Build | Farm |
| 25:18 | Build | Farm |
| 25:19 | Build | Farm |
| 25:20 | Build | Farm |
| 25:30 | Queue | Scout Cavalry |
Match timeline
| 5:36 | NICEFORO · wall_segment Palisade Wall x1 |
| 6:52 | soymilk789 · wall_segment Palisade Wall x1 |
| 6:52 | soymilk789 · wall_segment Palisade Wall x1 |
| 6:53 | soymilk789 · wall_segment Palisade Wall x1 |
| 7:18 | soymilk789 · wall_segment Palisade Wall x1 |
| 7:19 | soymilk789 · wall_segment Palisade Wall x1 |
| 8:03 | soymilk789 · wall_segment Palisade Wall x1 |
| 8:03 | soymilk789 · wall_segment Palisade Wall x1 |
| 8:04 | soymilk789 · wall_segment Palisade Wall x1 |
| 8:04 | soymilk789 · wall_segment Palisade Wall x1 |
| 8:05 | soymilk789 · wall_segment Palisade Wall x1 |
| 8:24 | soymilk789 · wall_segment Palisade Wall x1 |
| 8:36 | soymilk789 · wall_segment Palisade Wall x1 |
| 8:47 | NICEFORO · wall_segment Palisade Wall x1 |
| 8:50 | NICEFORO · wall_segment Palisade Wall x1 |
| 8:52 | NICEFORO · wall_segment Palisade Wall x1 |
| 8:53 | NICEFORO · wall_segment Palisade Wall x1 |
| 8:53 | soymilk789 · wall_segment Palisade Wall x3 |
| 9:03 | soymilk789 · wall_segment Palisade Wall x1 |
| 9:10 | soymilk789 · wall_segment Palisade Wall x2 |
| 9:16 | soymilk789 · wall_segment Palisade Wall x2 |
| 9:17 | soymilk789 · wall_segment Palisade Wall x1 |
| 10:24 | soymilk789 · wall_segment Palisade Wall x1 |
| 10:24 | soymilk789 · wall_segment Palisade Wall x1 |
| 10:25 | soymilk789 · wall_segment Palisade Wall x1 |
| 10:58 | soymilk789 · wall_segment Palisade Wall x1 |
| 11:37 | soymilk789 · first_building Barracks |
| 12:05 | NICEFORO · first_building Barracks |
| 12:06 | soymilk789 · wall_segment Palisade Wall x1 |
| 12:06 | soymilk789 · wall_segment Palisade Wall x1 |
| 12:07 | soymilk789 · wall_segment Palisade Wall x1 |
| 12:25 | NICEFORO · age_up feudal |
| 12:51 | soymilk789 · age_up feudal |
| 12:54 | soymilk789 · first_building Stable |
| 13:29 | NICEFORO · first_building Archery Range |
| 13:48 | NICEFORO · wall_segment Palisade Wall x7 |
| 14:14 | NICEFORO · wall_segment Palisade Wall x7 |
| 14:27 | NICEFORO · wall_segment Palisade Wall x1 |
| 15:07 | NICEFORO · wall_segment Palisade Wall x6 |
| 15:23 | NICEFORO · wall_segment Palisade Wall x1 |
| 17:42 | NICEFORO · wall_segment Palisade Wall x4 |
| 19:59 | NICEFORO · wall_segment Palisade Wall x1 |
| 22:48 | NICEFORO · wall_segment Palisade Wall x1 |
| 25:28 | NICEFORO · wall_segment Palisade Wall x3 |
| 25:48 | NICEFORO · wall_segment Palisade Wall x1 |
| 27:42 | NICEFORO · wall_segment Palisade Wall x1 |
| 29:22 | soymilk789 · wall_segment Palisade Wall x2 |
| 29:23 | soymilk789 · wall_segment Palisade Wall x1 |
| 29:24 | soymilk789 · wall_segment Palisade Wall x1 |
| 29:24 | soymilk789 · wall_segment Palisade Wall x1 |
| 29:25 | soymilk789 · wall_segment Palisade Wall x1 |
| 29:25 | soymilk789 · wall_segment Palisade Wall x1 |
| 30:14 | soymilk789 · wall_segment Palisade Wall x1 |
| 30:15 | soymilk789 · wall_segment Palisade Wall x1 |
| 30:15 | soymilk789 · wall_segment Palisade Wall x1 |
| 30:16 | soymilk789 · wall_segment Palisade Wall x1 |
| 30:17 | soymilk789 · wall_segment Palisade Wall x1 |
| 30:17 | soymilk789 · wall_segment Palisade Wall x1 |
| 30:18 | soymilk789 · wall_segment Palisade Wall x1 |
| 30:23 | NICEFORO · first_market_buy 100 stone |
| 31:20 | NICEFORO · age_up castle |
| 32:07 | NICEFORO · first_building Siege Workshop |
| 33:46 | NICEFORO · first_market_sell 100 stone |
| 34:47 | soymilk789 · wall_segment Palisade Wall x1 |
| 34:47 | soymilk789 · wall_segment Palisade Wall x1 |
| 34:48 | soymilk789 · wall_segment Palisade Wall x1 |
| 34:48 | soymilk789 · wall_segment Palisade Wall x1 |
| 34:49 | soymilk789 · wall_segment Palisade Wall x1 |
| 34:49 | soymilk789 · wall_segment Palisade Wall x1 |
| 34:50 | soymilk789 · wall_segment Palisade Wall x2 |
| 34:50 | soymilk789 · wall_segment Palisade Wall x1 |
| 36:19 | soymilk789 · wall_segment Stone Wall x1 |
| 36:34 | NICEFORO · resign |
[ AI ANALYSIS · 1 CREDIT ]
What really happened in this match?
Wolo.gg analyzes every decision: build order, eco, micro, common mistakes by bracket. Personalized analysis on WhatsApp or Discord in 30 seconds.
Civ guide
Teutons
Perfil
Jugador #13839682